 Dungeon Crawl Stone Soup version 0.25.1-2-g60ff931df9 (webtiles) character file.

Game seed: 3941530527235366426

45 hawla the Conjurer (level 3, -1/28 HPs)
             Began as a Draconian Conjurer on Nov 9, 2020.
             Slain by Terence
             ... wielding a cursed +0 mace
              (8 damage)
             ... on level 1 of the Dungeon.
             The game lasted 00:06:50 (2246 turns).

hawla the Conjurer (Draconian Conjurer)             Turns: 2246, Time: 00:06:51

Health: -1/28      AC:  5    Str: 11    XL:     3   Next: 42%
Magic:  1/6        EV: 12    Int: 15    God:
Gold:   53         SH:  0    Dex: 11    Spells: 3/6 levels left

rFire    . . .     SeeInvis .   (no weapon)
rCold    . . .     Gourm    .   (no shield)
rNeg     . . .     Faith    .   (armour unavailable)
rPois    .         Spirit   .   (helmet restricted)
rElec    .         Reflect  .   (no cloak)
rCorr    .         Harm     .   (no gloves)
MR       .....                  (no boots)
Stlth    ++........             (no amulet)
HPRegen  0.09/turn              (no ring)
MPRegen  0.10/turn              (no ring)

@: no status effects
A: unfitting armour, antennae 1, robust 1, cold-blooded, AC +5
a: no special abilities


You were on level 1 of the Dungeon.
You were not hungry.

You visited 1 branch of the dungeon, and saw 2 of its levels.

You collected 53 gold pieces.

Inventory:

Missiles
 l - a throwing net (quivered)
Potions
 e - a potion of degeneration {unknown}
 g - a potion of stabbing {unknown}
 i - a potion of magic {unknown}
 k - a potion of curing {unknown}
Comestibles
 b - 3 rations


   Skills:
 + Level 0.1 Fighting
 - Level 1.7 Dodging
 + Level 2.0 Stealth
 + Level 2.1 Spellcasting
 + Level 5.0 Conjurations


You had 3 spell levels left.
You knew the following spells:

 Your Spells              Type           Power        Failure   Level  Hunger
a - Magic Dart            Conj           ###.         2%          1    #......
b - Searing Ray           Conj           ###...       4%          2    ###....

Your spell library contained the following spells:

 Spells                   Type           Power        Failure   Level  Hunger
 Dazzling Flash           Conj/Hex       #.....       22%         3    ###....
 Fulminant Prism          Conj/Hex       #.........   58%         4    #####..
 Iskenderun's Mystic Bla  Conj/Tloc      #.......     58%         4    #####..


Dungeon Overview and Level Annotations

Branches:
Dungeon (2/15)

Altars:

Annotations:
D:1 Terence
D:2 Sigmund


Innate Abilities, Weirdness & Mutations

Your plain brown scales are hard. (AC +5)
You cannot fit into any form of body armour.
You are cold-blooded and may be slowed by cold attacks.
You have a pair of small antennae on your head.
You are robust. (+10% HP)


Message History

You hit Terence but do no damage.
Terence is severely wounded.
Terence misses you.
You hit Terence but do no damage.
Terence is severely wounded.
Terence hits you but does no damage.
You hit Terence but do no damage.
You tail-slap Terence, but do no damage.
Terence is severely wounded.
You hit Terence but do no damage.
Your tail-slap misses Terence.
Terence is severely wounded.
Terence hits you but does no damage.
You hit Terence but do no damage.
Your tail-slap misses Terence.
Terence is severely wounded.
Terence hits you with a cursed +0 mace.
* * * LOW HITPOINT WARNING * * *
You barely miss Terence.
Terence is severely wounded.
Terence hits you with a cursed +0 mace!
You die...

..........###.#...#.###.##.......
..()..........#...#.........#.###
..............#.........#.#.#.#
......###........##...........#
......# ######..............#.#
......# #...##.######.######
......# ##..##......#......#
......# #).#######.######..
......# ##@@.......# #.# ......#
########..# #.#
......############ #..# #.#
......##.........# #..# #.#
......##.#######.# #..# #.#
.....)##.# #.# #..# #.#
####.....# #.# #..######)#
#.##### #.# #.........# #.# #.#
#.#######.#


You could see Terence.

Vanquished Creatures
  An adder (D:2)
  A worm (D:2)
  3 dart slugs (D:1)
  A leopard gecko (D:1)
  4 bats (D:1)
  A giant cockroach (D:1)
  A goblin (D:1)
  5 hobgoblins
  A quokka (D:2)
  2 frilled lizards (D:2)
  3 kobolds (D:1)
  4 rats (D:1)
27 creatures vanquished.

Notes
Turn   | Place    | Note
-------+----------+-------------------------------------------
     0 | D:1      | hawla the Draconian Conjurer began the quest for the Orb.
     0 | D:1      | Reached XP level 1. HP: 14/14 MP: 3/3
   596 | D:1      | Reached XP level 2. HP: 19/20 MP: 0/5
  1673 | D:2      | Gained mutation: You are robust. (+10% HP) [potion of
                  | mutation]
  1673 | D:2      | Gained mutation: You have a pair of small antennae on your
                  | head. [potion of mutation]
  1681 | D:2      | Reached XP level 3. HP: 26/28 MP: 1/6
  1718 | D:2      | Reached skill level 5 in Conjurations
  1760 | D:2      | Noticed Terence
  1925 | D:1      | Learned a level 2 spell: Searing Ray
  1996 | D:2      | Noticed Sigmund
  2246 | D:1      | Slain by Terence

Illustrated notes

Levels and vault maps discovered:
D:1:      eino_arrival_cavern_a, layout_basic
D:2:      layout_rooms, dancing_weapons_uskayaw, first_ration, uniq_sigmund,
          uniq_terence

Skill      XL: |  1  2  3 |
---------------+----------+-----
Stealth        | 2 |  2.0
Conjurations   | 5 |  5.0
Fighting       | |  0.1
Dodging        | |  1.7
Spellcasting   | |  2.1

Action                   || total
-------------------------++-------
Melee: Unarmed           ||    59
       Tailslap          ||     5
 Cast: Magic Dart        ||    72
       Searing Ray       ||     3
  Use: Scroll            ||     4
       Potion            ||     2
  Eat: Chunk             ||     4
       Ration            ||     1
Armor: Skin              ||    52
Dodge: Dodged            ||    83
